 Dungeon Crawl Stone Soup version 0.23.2-1-ga50397a (webtiles) character file.

Game seed: 11863423826299196339

42032 razor4143 the Unseen (level 13, -7/65 HPs)
             Began as a Felid Chaos Knight on Apr 19, 2019.
             Was a Plaything of Xom.
             Shot with an arrow by a centaur warrior (17 damage)
             ... on level 15 of the Dungeon.
             The game lasted 01:58:01 (33737 turns).

razor4143 the Unseen (Felid Chaos Knight)          Turns: 33737, Time: 01:58:02

Health: -7/65      AC:  8    Str:  8    XL:     13   Next: 83%
Magic:  20/26      EV: 29    Int: 26    God:    Xom [.....*]
Gold:   2471       SH:  0    Dex: 25    Spells: 5/25 levels left
                                        Lives:  0   Deaths: 4

rFire    . . .     SeeInvis +     - Unarmed
rCold    + + +     Gourm    .   (shield unavailable)
rNeg     . . .     Faith    .   (armour unavailable)
rPois    +         Spirit   .   (helmet unavailable)
rElec    +         Reflect  .   (cloak unavailable)
rCorr    .         Harm     .   (gloves unavailable)
MR       +++..     Clarity  +   (boots unavailable)
Stlth    ++++++++..             H - amulet of magic regeneration
HPRegen  0.20/turn              N - ring "Paiseep" {Int+3 Dex+6}
MPRegen  0.45/turn              v - ring of wizardry

@: lightly drained, quick
A: very small, no armour, no weapons or thrown items, stealth, claws 1, fangs 3,
horns 3, rugged brown scales 1, slimy green scales 1, thin metallic scales 1,
see invisible, agile 2, blink, carnivore, clarity, clever 2, cold resistance 2,
speed 1, high mp 1, magic resistance 2, mutation resistance 2, poison
resistance, shaggy fur 3, electricity resistance, slow metabolism 1, MP-powered
wands, sharp paws
a: Blink, Renounce Religion


You were on level 15 of the Dungeon.
You worshipped Xom.
You were Xom's teddy bear.
You were very full.

You visited 4 branches of the dungeon, and saw 24 of its levels.

You collected 3186 gold pieces.
You spent 715 gold pieces at shops.

Inventory:

Hand Weapons
 l - the cursed +3 scimitar of Disharmony {chaos, +Rage rPois, unknown}
   (Xom gifted it to you on level 3 of the Dungeon)

   Each time it hits an enemy it has a different, random effect.
   It protects you from poison.
   It lets you go berserk.
   It has a curse placed upon it.
Missiles
 k - 481 arrows
 n - 3 throwing nets
Jewellery
 t - an uncursed ring of protection from cold
 u - the ring of Tempters {+Fly Str+2}
   (You acquired it on level 14 of the Dungeon)

   [ring of flight]

   It affects your strength (+2).
   It lets you fly.
 v - a ring of wizardry (right paw)
 F - an uncursed ring of protection from magic
 H - an amulet of magic regeneration (around neck)
 I - an uncursed ring of ice
 K - an uncursed ring of fire
 N - the ring "Paiseep" (left paw) {Int+3 Dex+6}
   (Xom gifted it to you on level 4 of the Lair of Beasts)

   [ring of dexterity]

   It affects your intelligence (+3).
   It affects your dexterity (+6).
 S - an uncursed ring of positive energy
Wands
 p - a wand of polymorph (13)
 y - a wand of digging (10)
 E - a wand of iceblast (3)
 L - a wand of flame (35)
 Q - a wand of scattershot (8)
 R - a wand of paralysis (7)
Scrolls
 c - 5 scrolls of teleportation
 g - a scroll of blinking
 h - 4 scrolls of immolation
 i - 3 scrolls of fog
 j - 4 scrolls of fear
 m - 2 scrolls of magic mapping
 r - 2 scrolls of noise
 w - 5 scrolls of remove curse
 B - a scroll of torment
 J - a scroll of brand weapon
 P - a scroll of summoning
 U - a scroll of random uselessness
Potions
 b - 3 potions of resistance
 d - 2 potions of flight
 e - 6 potions of mutation
 f - 3 potions of might
 o - 3 potions of agility
 q - 2 potions of curing
 s - a potion of magic
 z - 4 potions of lignification
 A - 6 potions of brilliance
 C - 5 potions of degeneration
 D - a potion of ambrosia
 G - 2 potions of invisibility
 O - a potion of heal wounds
 T - a potion of berserk rage
Miscellaneous
 V - a lightning rod (4/4)
Comestibles
 a - 38 rations


   Skills:
 + Level 12.1(11.8) Fighting
 + Level 9.8(9.5) Dodging
 - Level 20.0(19.7) Stealth
 - Level 11.3(11.0) Unarmed Combat
 + Level 6.6(6.4) Spellcasting
 - Level 2.1(1.8) Conjurations
 - Level 4.3(4.1) Charms
 - Level 8.0(7.8) Necromancy
 - Level 4.1(3.8) Translocations
 - Level 2.0(1.8) Air Magic
 - Level 5.0(4.8) Earth Magic
 - Level 2.1(1.8) Poison Magic


You had 5 spell levels left.
You knew the following spells:

 Your Spells              Type           Power        Failure   Level  Hunger
b - Shock                 Conj/Air       ###.         1%          1    None
c - Regeneration          Chrm/Necr      #####.....   1%          3    None
d - Blink                 Tloc           N/A          1%          2    None
e - Mephitic Cloud        Conj/Pois/Air  ###.....     4%          3    None
f - Animate Dead          Necr           N/A          1%          4    ###....
g - Call Imp              Summ           #.......     4%          2    None
h - Borgnjor's Vile Clut  Necr/Erth      #####.....   6%          5    #####..

Your spell library contained the following spells:

 Spells                   Type           Power        Failure   Level  Hunger
 Animate Skeleton         Necr           N/A          1%          1    None
 Flame Tongue             Conj/Fire      ##...        1%          1    None
 Infusion                 Chrm           ####         1%          1    None
 Magic Dart               Conj           ###.         1%          1    None
 Pain                     Necr           ####         1%          1    None
 Shroud of Golubria       Chrm/Tloc      ####......   1%          2    None
 Song of Slaying          Chrm           ####....     1%          2    None
 Swiftness                Chrm/Air       ###.....     1%          2    None
 Teleport Other           Tloc           ####....     1%          3    None
 Vampiric Draining        Necr           #####.....   1%          3    None
 Freeze                   Ice            #...         2%          1    None
 Throw Flame              Conj/Fire      ##....       2%          2    None
 Recall                   Summ/Tloc      N/A          3%          3    None
 Ensorcelled Hibernation  Hex/Ice        #.....       4%          2    None
 Slow                     Hex            #.......     4%          2    None
 Static Discharge         Conj/Air       ###.....     4%          3    None
 Conjure Flame            Conj/Fire      ##......     6%          3    None
 Inner Flame              Hex/Fire       #.......     9%          3    None
 Airstrike                Air            ###.......   12%         4    ###....
 Sticky Flame             Conj/Fire      ##......     17%         4    ###....
 Lightning Bolt           Conj/Air       ###.......   32%         5    #####..
 Summon Forest            Summ/Tloc      ###.......   32%         5    #####..
 Fireball                 Conj/Fire      ##........   43%         5    #####..
 Death Channel            Necr           #####.....   16%         6    ######.
 Simulacrum               Ice/Necr       ####......   58%         6    ######.
 Dispersal                Tloc           ####......   61%         6    ######.
 Controlled Blink         Tloc           N/A          100%        8    #######
 Spectral Weapon          Hex/Chrm       Unusable     N/A         3    N/A

Dungeon Overview and Level Annotations

Branches:
Dungeon (15/15)            Temple (1/1) D:5            Lair (6/6) D:10
  Swamp (0/4) Lair:2        Snake (0/4) Lair:2        Slime (0/5) Lair:5
    Orc (2/2) D:12            Elf (0/3) Orc:2        Vaults (0/5) D:14
 Depths: D:15

Altars:
Dithmenos
Fedhas
Gozag
Kikubaaqudgha
Makhleb
Okawaru
Vehumet
Wu Jian
Xom
Yredelemnul
The Shining One
Beogh
Jiyva

Shops:
D:8 :   Orc:2 ((?}

Annotations:
D:6 exclusions: 2 gnoll sergeants and orc warrior
D:7 7 exclusions
D:10 exclusions: 2 electric eels and 5 more exclusions
D:11 exclusion: centaur
Lair:6 3 runed translucent doors, Malificent's ghost, journeyman DsAr


Innate Abilities, Weirdness & Mutations

You cannot wear armour.
You are incapable of wielding weapons or throwing items.
Your paws allow you to move quietly. (Stealth)
You have sharp claws.
You have razor-sharp teeth.
You have supernaturally acute eyesight. (SInv)
You are carnivorous and can eat meat at any time.
You cover ground quickly.
Your thick and shaggy fur keeps you warm. (AC +3, rC+)
You have a slow metabolism.
Your sharp claws are effective at attacking unaware monsters.
You have a pair of large horns on your head.
You are partially covered in rugged brown scales. (AC +1, +3% HP)
You are partially covered in slimy green scales. (AC +2)
You are partially covered in thin metallic scales. (AC +2)
You are very agile. (Dex +4)
You can translocate small distances at will.
You possess an exceptional clarity of mind.
Your mind is very acute. (Int +4)
Your flesh is very cold resistant. (rC++)
You have an increased reservoir of magic. (+10% MP)
You are highly resistant to hostile enchantments. (MR++)
You are somewhat resistant to both further mutation and mutation removal.
Your system is resistant to poisons. (rPois)
You are resistant to electric shocks. (rElec)
You expend magic power (3 MP) to strengthen your wands.


Message History

Casting: Call Imp (safe; 4% risk of failure)
Confirm with . or Enter, or press ? or * to list all spells.
A beastly little devil appears in a puff of flame.
The centaur warrior shoots an arrow.
The arrow hits you!!
* * * LOW HITPOINT WARNING * * *
The teleport trap disappears.
Your crimson imp disappears!
Casting: Call Imp (safe; 4% risk of failure)
Confirm with . or Enter, or press ? or * to list all spells.
Okay, then.
Casting: Call Imp (safe; 4% risk of failure)
Confirm with . or Enter, or press ? or * to list all spells.
Aiming: Mephitic Cloud (safe; 4% risk of failure)
Press: ? - help, Shift-Dir - straight line The ball explodes into a vile cloud!
The stinking cloud engulfs the centaur warrior but does no damage.
You hear a shout!
You hear a horrible gurgling sound! x2
The centaur warrior shoots an arrow.
The arrow hits you!
You die...
Xom chortles!

...... .....
###...###
#.......#
#.......#
#..c....
#.☼.##########
#☼..<(@.......
##.§5#########
###...#
#.[[..#
#.[[..#
#......$...
#.....###..
#.....#
####..#


You could see a centaur warrior and a friendly crimson imp.

Vanquished Creatures
  Jorgrun (D:14)
  Gastronok (Lair:1)
  An ironheart preserver (D:14)
  Azrael (Orc:1)
  A dire elephant (Lair:3)
  A spark wasp (Lair:6)
  2 hydras
  2 centaur warriors
  3 two-headed ogres
  A death knight (D:14)
  2 ogre magi (Orc:2)
  2 death yaks
  A shock serpent (Lair:3)
  Sonja (Lair:4)
  Nergalle (Orc:2)
  A death drake (D:9)
  An unseen horror (D:12)
  A wizard (D:14)
  An orb spider (Lair:2)
  8 orc sorcerers
  4 ugly things
  An oklob plant (D:10)
  16 elephants
  A manticore (D:14)
  2 cyclopes
  3 centaur zombies
  A gargoyle (D:13)
  A centaur skeleton (D:13)
  3 black mambas
  8 spiny frogs
  7 rime drakes
  3 komodo dragons
  A yaktaur (Lair:2)
  A freezing wraith (D:14)
  3 trolls
  3 meliai (D:13)
  A wind drake (shapeshifter) (D:14)
  A slime creature (D:14)
  2 hornets
  13 hippogriffs
  11 blink frogs
  4 dream sheep
  A shadow (D:12)
  12 spriggans
  29 yaks
  7 wyverns
  12 basilisks
  A vampire (D:14)
  Eustachio (D:5)
  2 hungry ghosts
  8 vampire mosquitoes
  4 fire elementals (Orc:1)
  A steam dragon (D:12)
  6 wargs
  2 nagas (Lair:2)
  A soldier ant (Lair:1)
  Duvessa (D:3)
  3 acid dragons
  14 water moccasins
  6 porcupines
  3 sky beasts
  3 black bears
  An ice beast (D:13)
  20 orc warriors
  5 boggarts (Lair:6)
  7 ogres
  5 phantoms
  2 necrophages (Lair:4)
  9 centaurs
  14 wolves (Lair:6)
  11 crocodiles
  17 bullfrogs
  3 big kobolds
  A wyvern zombie (D:10)
  Dowan (D:4)
  3 scorpions
  5 wights
  5 killer bees
  2 vampire bats (Lair:3)
  3 electric eels
  4 howler monkeys
  A bullfrog zombie (D:13)
  A crimson imp (D:7)
  A jelly (D:11)
  A hound (D:4)
  10 orc priests
  2 bullfrog skeletons
  34 orc wizards
  5 iguanas
  12 worker ants
  A hound zombie (D:7)
  A howler monkey skeleton (D:7)
  9 adders
  2 shadow imps
  An ooze (D:4)
  3 worms
  5 dart slugs
  5 leopard geckos
  76 orcs
  10 bats
  3 giant cockroaches
  4 goblins
  9 hobgoblins
  11 jackals
  2 quokkas
  A ball python (D:4)
  4 frilled lizards
  2 gnoll zombies (D:2)
  A jackal zombie (D:7)
  16 kobolds
  2 quokka skeletons
  3 rats
  A fungus (Lair:3)
  A plant (D:10)
598 creatures vanquished.

Vanquished Creatures (collateral kills)
  Fannar (Lair:3)
  A hydra (Lair:4)
  A centaur warrior (D:14)
  A death yak (Lair:6)
  An orc knight (Orc:1)
  2 elephants (Lair:3)
  A cyclops (Orc:2)
  An orc sorcerer (Orc:2)
  A torpor snail (Lair:2)
  A spiny frog (Lair:6)
  A rime drake (Lair:3)
  A troll (Orc:1)
  4 polar bears (Lair:6)
  4 hippogriffs
  A hornet (Lair:6)
  7 blink frogs
  A dream sheep (Lair:6)
  3 spriggans (Lair:6)
  4 yaks
  A vampire mosquito (Lair:2)
  A hungry ghost (D:12)
  2 wargs (Orc:1)
  A water moccasin (Lair:1)
  2 porcupines
  3 orc warriors
  A black bear (Lair:6)
  3 necrophages (Lair:4)
  3 wolves (Lair:6)
  A bullfrog (Lair:2)
  2 orc priests
  A hound (D:14)
  7 orc wizards
  20 orcs
  5 fungi
  3 plants
93 creatures vanquished.

Vanquished Creatures (others)
  A dancing weapon (D:10)
  2 blink frogs
  An orc warrior (Orc:1)
  An orc wizard (Orc:2)
  2 orcs
  44 fungi
  3 plants
54 creatures vanquished.

Grand Total: 745 creatures vanquished

Notes
Turn   | Place    | Note
-------+----------+-------------------------------------------
     0 | D:1      | razor4143 the Felid Chaos Knight began the quest for the
                  | Orb.
     0 | D:1      | Reached XP level 1. HP: 10/10 MP: 2/2
    58 | D:1      | XOM: harmless Tloc miscast
   104 | D:1      | XOM: harmless Tloc miscast
   264 | D:1      | Reached XP level 2. HP: 14/14 MP: 3/3
   467 | D:1      | Reached skill level 1 in Stealth
   507 | D:1      | XOM: silly message
   705 | D:1      | XOM: harmless Tloc miscast
  1039 | D:1      | XOM: god gift: 7 tomahawks of returning
  1296 | D:1      | XOM is BORED!
  1672 | D:2      | XOM: 1-stop teleportation journey
  1691 | D:2      | Reached XP level 3. HP: 15/17 MP: 4/4
  2105 | D:2      | Found an ornate altar of the Wu Jian Council.
  2299 | D:2      | XOM: medium Tloc miscast
  2307 | D:2      | XOM: medium Hex miscast
  2905 | D:2      | Found a basalt altar of Yredelemnul.
  2933 | D:2      | XOM: torment (10/17 hp)
  2995 | D:2      | XOM: cloud trail
  3095 | D:3      | XOM: noise
  3113 | D:3      | XOM: butterfly on damage
  3450 | D:3      | Found an opulent altar of Gozag.
  3473 | D:3      | XOM: give mutation
  3473 | D:3      | Gained mutation: You are partially covered in slimy green
                  | scales. (AC +2) [Xom's grace]
  3535 | D:3      | XOM: summons 1 hostile demon
  3541 | D:3      | XOM: harmless Necr miscast
  3545 | D:3      | XOM: cast spell 'Statue Form'
  3559 | D:3      | XOM: scenery: 1 doors open
  3585 | D:3      | XOM: snakes to sticks
  3716 | D:3      | Reached XP level 4. HP: 22/22 MP: 5/5
  3754 | D:3      | Reached skill level 2 in Stealth
  3810 | D:3      | XOM: god gift: thick jewelled staff {god gift}
  3946 | D:3      | Reached XP level 5. HP: 12/25 MP: 6/6
  4242 | D:3      | XOM: give mutation
  4242 | D:3      | Gained mutation: Your system is resistant to poisons.
                  | (rPois) [Xom's grace]
  4347 | D:3      | XOM: give mutations
  4347 | D:3      | Gained mutation: You are partially covered in rugged brown
                  | scales. (AC +1, +3% HP) [Xom's grace]
  4347 | D:3      | Gained mutation: Your spells are a little harder to cast,
                  | but a little more powerful. [Xom's grace]
  4467 | D:4      | Noticed Duvessa
  4467 | D:4      | Noticed Dowan
  4757 | D:4      | XOM: give mutations
  4757 | D:4      | Gained mutation: You are agile. (Dex +2) [Xom's grace]
  4757 | D:4      | Gained mutation: You evolve. [Xom's grace]
  4860 | D:4      | Noticed a phantom
  4864 | D:4      | XOM: fog
  4892 | D:4      | XOM: divination: detect items
  4895 | D:3      | Gained mutation: You have a pair of small horns on your
                  | head. [evolution]
  5088 | D:4      | XOM: fake destruction
  5097 | D:4      | XOM: summons 2 friendly demons
  5134 | D:4      | Killed a phantom
  5299 | D:4      | XOM: 10-stop teleportation journey
  5406 | D:3      | Reached skill level 3 in Stealth
  5406 | D:3      | Gained mutation: You are covered in thick fur. (AC +2)
                  | [Felid growth]
  5406 | D:3      | Reached XP level 6. HP: 25/29 MP: 7/7
  5754 | D:4      | XOM: scenery: create altars
  5763 | D:4      | XOM: summons friendly shadow imp
  5883 | D:3      | XOM: god gift: ration
  5894 | D:3      | XOM: god gift: bone scimitar {god gift}
  5895 | D:3      | Got a bone scimitar {god gift}
  6114 | D:4      | Killed Dowan
  6114 | D:4      | Reached skill level 5 in Fighting
  6114 | D:4      | Reached skill level 5 in Unarmed Combat
  6117 | D:4      | XOM: cleaving
  6133 | D:3      | XOM: summons 2 friendly demons
  6139 | D:3      | XOM: enchant monster (good)
  6173 | D:3      | XOM: potion effect (might)
  6189 | D:3      | XOM: cast spell 'Statue Form'
  6386 | D:3      | Found an opulent altar of Gozag.
  6486 | D:3      | XOM: harmless Erth miscast
  6508 | D:3      | XOM: harmless Chrm miscast
  6908 | D:3      | Killed Duvessa
  6908 | D:3      | Reached skill level 5 in Dodging
  6908 | D:3      | Reached XP level 7. HP: 18/33 MP: 8/8
  7003 | D:3      | XOM: harmless Tloc miscast
  7091 | D:4      | Reached skill level 4 in Stealth
  7302 | D:5      | Entered Level 5 of the Dungeon
  7399 | D:5      | Found a staircase to the Ecumenical Temple.
  7414 | D:5      | Noticed Eustachio
  7415 | D:5      | XOM: harmless Summ miscast
  7419 | D:5      | XOM: scenery: 1 doors open, 1 doors close
  7430 | D:5      | XOM: fog
  7435 | D:5      | Killed Eustachio
  7444 | Temple   | Entered the Ecumenical Temple
  7557 | Temple   | XOM: scenery: 1 doors open
  7694 | D:5      | XOM: scenery: 1 doors open, 2 doors close
  7807 | D:5      | XOM: cleaving
  7820 | D:5      | Reached skill level 5 in Stealth
  8327 | D:5      | XOM: fog
  8411 | D:5      | XOM: enchant monster (good)
  8416 | D:5      | Reached XP level 8. HP: 39/39 MP: 9/9
  8416 | D:5      | XOM: scenery: 2 doors close
  8450 | D:6      | XOM: scenery: create altars
  8665 | D:5      | XOM: scenery: 2 doors close
  8699 | D:5      | XOM: scenery: 2 doors open
  8952 | D:6      | XOM: 2-stop teleportation journey
  9024 | D:6      | XOM: god gift: scroll labeled VIUFOK HIOGUGO {god gift}
  9035 | D:6      | XOM: scenery: create altars
  9214 | D:7      | Reached skill level 6 in Stealth
  9372 | D:7      | XOM: divination: magic mapping
  9445 | D:7      | XOM: cloud trail
  9560 | D:7      | XOM: mild Air miscast
  9565 | D:7      | XOM: scenery: 1 doors close
  9913 | D:8      | Found an iron altar of Okawaru.
  9942 | D:8      | XOM: cast spell 'Necromutation'
  9945 | D:8      | Reached XP level 9. HP: 44/44 MP: 10/10
 10158 | D:8      | Found Diciz's Book Shoppe.
 10328 | D:8      | XOM: god gift: scroll of enchant armour
 10354 | D:8      | XOM is BORED!
 10393 | D:7      | XOM: give mutations
 10393 | D:7      | Gained mutation: You are partially covered in thin metallic
                  | scales. (AC +2) [Xom's grace]
 10393 | D:7      | Gained mutation: You possess an exceptional clarity of
                  | mind. [Xom's grace]
 10407 | D:7      | Reached skill level 7 in Stealth
 10457 | D:7      | XOM: enchant monster (good)
 10490 | D:7      | XOM: summons 1 hostile shadow creature
 10497 | D:7      | XOM: summons friendly ufetubus
 10691 | D:7      | XOM: stat loss: -1 Str (7/8)
 11011 | D:6      | XOM: mild Pois miscast
 11023 | D:6      | XOM: give mutations
 11023 | D:6      | Lost mutation: You are agile. (Dex +2) [Xom's mischief]
 11023 | D:6      | Lost mutation: Your spells are a little harder to cast, but
                  | a little more powerful. [Xom's mischief]
 11106 | D:6      | XOM: harmless Erth miscast
 11207 | D:7      | XOM: noise
 11347 | D:6      | XOM: harmless Summ miscast
 11452 | D:6      | XOM: summons 2 hostile demons
 11489 | D:6      | XOM: harmless Hex miscast
 11597 | D:7      | Killed from afar by an electric eel
 11598 | D:7      | Reached XP level 8. HP: -2/42 MP: 9/9
 11602 | D:7      | XOM: harmless Conj miscast
 11813 | D:8      | XOM: summons 3 hostile shadow creatures
 12085 | D:8      | Found a glowing golden altar of the Shining One.
 12148 | D:9      | XOM: summons 2 hostile demons
 12217 | D:9      | Learned a level 2 spell: Swiftness
 12219 | D:9      | Learned a level 1 spell: Shock
 12284 | D:9      | XOM: confuse monster(s)
 12295 | D:9      | XOM: confuse monster(s)
 12304 | D:9      | Reached skill level 1 in Charms
 12323 | D:9      | Reached skill level 1 in Air Magic
 12439 | D:9      | Reached skill level 8 in Stealth
 12442 | D:9      | XOM: cast spell 'Alistair's Intoxication'
 12655 | D:9      | Reached XP level 9. HP: 42/46 MP: 10/10
 12670 | D:9      | Learned a level 3 spell: Regeneration
 12777 | D:9      | Learned a level 2 spell: Blink
 12813 | D:9      | XOM: summons 2 hostile demons
 13211 | D:10     | Entered Level 10 of the Dungeon
 13223 | D:10     | Found a blossoming altar of Fedhas.
 13236 | D:10     | Reached skill level 1 in Translocations
 13314 | D:10     | XOM: enchant monster (bad)
 13316 | D:10     | XOM: cleaving
 13344 | D:10     | XOM: summons 2 friendly demons
 13353 | D:10     | XOM: enchant monster (good)
 13355 | D:10     | XOM: summons 2 friendly demons
 13360 | D:10     | Reached skill level 9 in Stealth
 13366 | D:10     | XOM: cast spell 'Summon Mana Viper'
 13577 | D:10     | Noticed an oklob plant
 13591 | D:10     | Found a staircase to the Lair.
 13595 | D:10     | XOM: summons 9 friendly demons
 13615 | D:10     | Killed an oklob plant
 13615 | D:10     | Reached skill level 1 in Necromancy
 13684 | D:10     | XOM: god gift: 5 rations
 13689 | D:10     | Noticed a two-headed ogre
 13718 | D:10     | XOM: potion effect (curing)
 13783 | D:10     | XOM: scenery: 1 doors close
 13822 | D:9      | Gained mutation: Your flesh is cold resistant. (rC+)
                  | [evolution]
 13908 | D:9      | XOM: medium Pois miscast
 14000 | D:10     | XOM: scenery: create altars
 14006 | D:10     | XOM: summons 2 friendly demons
 14240 | D:9      | XOM: scenery: create altars
 14246 | D:9      | Noticed a death drake
 14246 | D:9      | a two-headed ogre changed into a death drake
 14246 | D:9      | XOM: polymorph two-headed ogre -> death drake
 14255 | D:9      | XOM: potion effect (invisibility)
 14260 | D:9      | Killed a death drake
 14260 | D:9      | Reached skill level 10 in Stealth
 14551 | D:10     | XOM: god gift: scroll labeled BICVUWOBIK {god gift}
 14555 | D:10     | XOM: enchant monster (good)
 14562 | D:10     | Reached XP level 10. HP: 18/47 MP: 7/11
 14612 | D:10     | Killed from afar by an electric eel
 14613 | D:10     | Reached XP level 9. HP: -5/44 MP: 9/10
 14629 | D:11     | Noticed a cyclops
 14630 | D:11     | Noticed a brown ugly thing
 14632 | D:11     | XOM: butterfly on damage
 14752 | D:10     | XOM: medium Fire miscast
 15309 | Lair:1   | Entered Level 1 of the Lair of Beasts
 15322 | Lair:1   | Noticed a komodo dragon
 15338 | Lair:1   | Reached skill level 11 in Stealth
 15340 | Lair:1   | XOM: confuse monster(s)
 15358 | Lair:1   | XOM: cast spell 'Ring of Flames'
 15364 | Lair:1   | Killed a komodo dragon
 15597 | Lair:1   | XOM: divination: detect items
 15670 | Lair:1   | Noticed a black mamba
 15674 | Lair:1   | XOM: cast spell 'Cause Fear'
 15697 | Lair:1   | Killed a black mamba
 15697 | Lair:1   | Reached skill level 12 in Stealth
 15697 | Lair:1   | Reached skill level 1 in Spellcasting
 15744 | Lair:1   | Noticed a spiny frog
 15752 | Lair:1   | Found a shadowy altar of Dithmenos.
 15767 | Lair:1   | Noticed Gastronok
 15770 | Lair:1   | Noticed a spiny frog
 15772 | Lair:1   | XOM: summons friendly shadow imp
 15772 | Lair:1   | XOM: butterfly on damage
 15779 | Lair:1   | XOM: confuse monster(s)
 15795 | Lair:1   | XOM: smoke on damage
 15796 | Lair:1   | XOM: cast spell 'Alistair's Intoxication'
 15797 | Lair:1   | XOM: summons 2 friendly demons
 15804 | Lair:1   | XOM: blink monster(s)
 15805 | Lair:1   | XOM: divination: detect creatures
 15823 | Lair:1   | XOM: summons 9 friendly demons
 15829 | Lair:1   | XOM: scenery: create altars
 15835 | Lair:1   | HP: 1/46 [spiny frog (17)]
 15837 | Lair:1   | XOM: summons friendly white imp
 15857 | Lair:1   | Killed a spiny frog
 16008 | Lair:1   | Learned a level 3 spell: Mephitic Cloud
 16023 | Lair:1   | XOM: 6-stop teleportation journey
 16057 | Lair:1   | a spiny frog changed into an eye of draining
 16057 | Lair:1   | XOM: polymorph spiny frog -> eye of draining
 16058 | Lair:1   | XOM: polymorph eye of draining -> soldier ant
 16100 | Lair:1   | XOM: fog
 16361 | Lair:1   | Noticed a spiny frog
 16372 | Lair:1   | XOM: summons friendly shadow imp
 16376 | Lair:1   | Killed a spiny frog
 16376 | Lair:1   | Reached XP level 10. HP: 42/49 MP: 13/15
 16406 | Lair:1   | XOM: cloud trail
 16437 | Lair:1   | Killed Gastronok
 16437 | Lair:1   | Reached skill level 13 in Stealth
 16567 | Lair:2   | XOM: cloud trail
 16570 | Lair:2   | Found a staircase to the Swamp.
 16759 | Lair:2   | Noticed a torpor snail
 16772 | Lair:2   | XOM: silly message
 16782 | Lair:2   | XOM: silly message
 16800 | Lair:2   | XOM: enchant monster (good)
 16801 | Lair:2   | XOM: summons friendly iron imp
 17029 | Lair:1   | XOM: harmless Fire miscast
 17456 | Lair:1   | XOM: give mutations
 17456 | Lair:1   | Gained mutation: Your body sometimes deteriorates upon
                  | taking damage. [Xom's mischief]
 17456 | Lair:1   | Lost mutation: You evolve. [Xom's mischief]
 17652 | Lair:2   | XOM: polymorph naga -> black bear
 17656 | Lair:2   | Found a staircase to the Snake Pit.
 17659 | Lair:2   | XOM: enchant monster (bad)
 17705 | Lair:2   | XOM: noise
 17707 | Lair:2   | XOM: draining
 17739 | Lair:2   | XOM: summons 6 friendly demons
 17742 | Lair:2   | Killed a torpor snail
 17790 | Lair:2   | XOM: summons 4 hostile shadow creatures
 17791 | Lair:2   | Noticed a spiny frog
 18097 | Lair:2   | XOM: harmless Fire miscast
 18150 | Lair:2   | Noticed a spiny frog
 18156 | Lair:2   | Noticed an orb spider
 18156 | Lair:2   | a spiny frog changed into an orb spider
 18156 | Lair:2   | XOM: polymorph spiny frog -> orb spider
 18168 | Lair:2   | XOM: mild Conj miscast
 18172 | Lair:2   | Killed an orb spider
 18172 | Lair:2   | Reached XP level 11. HP: 6/53 MP: 15/18
 18195 | Lair:2   | XOM: medium Ice miscast
 18261 | Lair:2   | XOM: give mutations
 18261 | Lair:2   | Gained mutation: You are agile. (Dex +2) [Xom's mischief]
 18261 | Lair:2   | Lost mutation: You have a pair of small horns on your head.
                  | [Xom's mischief]
 18261 | Lair:2   | Lost mutation: Your system is resistant to poisons. (rPois)
                  | [Xom's mischief]
 18261 | Lair:2   | Gained mutation: You are very agile. (Dex +4) [Xom's
                  | mischief]
 18558 | Lair:3   | XOM: enchant monster (good)
 18561 | Lair:2   | XOM: scenery: create altars
 18713 | Lair:3   | XOM: polymorph elephant -> yaktaur
 18854 | Lair:2   | XOM: give mutations
 18854 | Lair:2   | Gained mutation: Your system is resistant to poisons.
                  | (rPois) [Xom's grace]
 18854 | Lair:2   | Gained mutation: You expend magic power (3 MP) to
                  | strengthen your wands. [Xom's grace]
 18854 | Lair:2   | Gained mutation: Your flesh is very cold resistant. (rC++)
                  | [Xom's grace]
 18854 | Lair:2   | Gained mutation: You can translocate small distances at
                  | will. [Xom's grace]
 18998 | Lair:3   | Noticed Fannar
 19000 | Lair:3   | XOM: enchant monster (good)
 19031 | Lair:3   | Reached skill level 5 in Spellcasting
 19151 | Lair:3   | XOM: polymorph elephant -> dream sheep
 19167 | Lair:3   | XOM: polymorph porcupine -> centaur
 19200 | Lair:3   | XOM: scenery: create altars
 19205 | Lair:3   | XOM: butterfly on damage
 19216 | Lair:3   | Reached skill level 14 in Stealth
 19218 | Lair:3   | XOM: cleaving
 19248 | Lair:2   | XOM: god gift: 43 gold pieces
 19502 | Lair:3   | XOM: confuse monster(s)
 19504 | Lair:3   | XOM: fake destruction
 19519 | Lair:3   | Noticed a shock serpent
 19519 | Lair:3   | an elephant changed into a shock serpent
 19519 | Lair:3   | XOM: polymorph elephant -> shock serpent
 19521 | Lair:3   | Killed a shock serpent
 19619 | Lair:3   | XOM: summons 11 friendly demons
 19669 | Lair:3   | Noticed a dire elephant
 19670 | Lair:3   | XOM: summons friendly crimson imp
 19671 | Lair:3   | XOM: summons 11 friendly demons
 19677 | Lair:3   | XOM: summons 11 friendly demons
 19685 | Lair:3   | XOM: confuse monster(s)
 19685 | Lair:3   | Noticed a six-headed hydra
 19701 | Lair:3   | XOM: summons 7 friendly demons
 19847 | Lair:3   | XOM: polymorph blink frog -> hornet
 19959 | Lair:3   | XOM: enchant monster (good)
 19979 | Lair:3   | XOM: confuse monster(s)
 20020 | Lair:2   | XOM: give mutations
 20020 | Lair:2   | Gained mutation: You have a pair of small horns on your
                  | head. [Xom's grace]
 20020 | Lair:2   | Gained mutation: You are robust. (+10% HP) [Xom's grace]
 20020 | Lair:2   | Gained mutation: You are resistant to hostile enchantments.
                  | (MR+) [Xom's grace]
 20244 | Lair:3   | XOM: destruction
 20246 | Lair:3   | XOM: cast spell 'Call Canine Familiar'
 20247 | Lair:3   | XOM: cleaving
 20483 | Lair:3   | XOM: butterfly on damage
 20496 | Lair:2   | XOM: enchant monster (good)
 20497 | Lair:2   | XOM: cleaving
 20535 | Lair:2   | XOM: scenery: create altars
 20541 | Lair:2   | XOM: fake destruction
 20543 | Lair:2   | Reached skill level 10 in Fighting
 20549 | Lair:2   | Reached skill level 10 in Unarmed Combat
 20590 | Lair:2   | Learned a level 4 spell: Animate Dead
 20618 | Lair:3   | XOM: fake destruction
 20650 | Lair:3   | Killed a six-headed hydra
 20650 | Lair:3   | Reached skill level 15 in Stealth
 20650 | Lair:3   | Gained mutation: Your thick and shaggy fur keeps you warm.
                  | (AC +3, rC+) [Felid growth]
 20650 | Lair:3   | Reached XP level 12. HP: 60/65 MP: 8/20
 20760 | Lair:3   | XOM: summons 8 friendly demons
 20791 | Lair:3   | XOM: summons friendly shadow imp
 20793 | Lair:3   | XOM: god gift: fustibalus {god gift}
 20839 | Lair:3   | XOM: summons friendly ufetubus
 20848 | Lair:3   | XOM: divination: magic mapping
 21106 | Lair:3   | XOM: medium Tmut miscast
 21140 | Lair:3   | Lost mutation: You possess an exceptional clarity of mind.
                  | [mutagenic glow]
 21162 | Lair:3   | XOM: blink monster(s)
 21165 | Lair:3   | XOM: enchant monster (bad)
 21206 | Lair:3   | Killed a dire elephant
 21313 | Lair:2   | XOM: harmless Chrm miscast
 21472 | Lair:3   | Killed Fannar
 21472 | Lair:3   | Reached skill level 5 in Necromancy
 21745 | Lair:4   | XOM: stealth player
 21748 | Lair:4   | Reached skill level 16 in Stealth
 22022 | Lair:4   | Noticed a four-headed hydra
 22024 | Lair:4   | XOM: harmless Conj miscast
 22050 | Lair:4   | Killed a four-headed hydra
 22087 | Lair:4   | Reached skill level 17 in Stealth
 22100 | Lair:4   | Noticed Sonja
 22108 | Lair:4   | Killed Sonja
 22140 | Lair:4   | XOM: 2-stop teleportation journey
 22338 | Lair:4   | Noticed a six-headed hydra
 22346 | Lair:4   | XOM: god gift: shimmering ivory ring {god gift}
 22374 | Lair:3   | XOM: cast spell 'Summon Butterflies'
 22479 | Lair:3   | XOM: divination: detect items
 22579 | Lair:4   | XOM: medium Tloc miscast
 22683 | Lair:4   | Got a shimmering ivory ring {god gift}
 22685 | Lair:4   | Identified the ring "Paiseep" {Int+3 Dex+6} (Xom gifted it
                  | to you on level 4 of the Lair of Beasts)
 22859 | Lair:4   | XOM: noise
 23026 | Lair:4   | XOM: draining
 23030 | Lair:4   | XOM: give mutations
 23030 | Lair:4   | Lost mutation: Your body sometimes deteriorates upon taking
                  | damage. [Xom's mischief]
 23030 | Lair:4   | Lost mutation: You are robust. (+10% HP) [Xom's mischief]
 23142 | Lair:5   | XOM: god gift: ration
 23143 | Lair:5   | XOM: god gift: 46 gold pieces
 23176 | Lair:5   | Found a viscous altar of Jiyva.
 23176 | Lair:5   | Found a staircase to the Slime Pits.
 23278 | Lair:4   | XOM is BORED!
 23278 | Lair:4   | XOM: mild Conj miscast
 23368 | Lair:5   | XOM: mild Air miscast
 23492 | Lair:5   | XOM: medium Conj miscast
 23745 | Lair:6   | Entered Level 6 of the Lair of Beasts
 23775 | Lair:6   | Noticed a death yak
 23775 | Lair:6   | Noticed a death yak
 23777 | Lair:6   | Noticed a death yak
 23786 | Lair:6   | XOM: divination: detect items
 23800 | Lair:6   | Slain by a death yak
 23801 | Lair:6   | Reached XP level 11. HP: -3/55 MP: 9/19
 23805 | Lair:6   | XOM: silly message
 23821 | Lair:6   | XOM: summons friendly quasit
 23827 | Lair:6   | XOM: potion effect (agility)
 23829 | Lair:6   | XOM: enchant monster (good)
 23829 | Lair:6   | Noticed an eight-headed hydra
 23833 | Lair:6   | XOM: confuse monster(s)
 23835 | Lair:6   | Reached skill level 18 in Stealth
 23852 | Lair:6   | XOM: divination: magic mapping
 23861 | Lair:6   | XOM: confusion (+ monsters)
 23862 | Lair:6   | Noticed a spark wasp
 23862 | Lair:6   | an eight-headed hydra changed into a spark wasp
 23862 | Lair:6   | XOM: polymorph eight-headed hydra -> spark wasp
 23863 | Lair:6   | XOM: smoke on damage
 23867 | Lair:6   | XOM: divine lightning
 23869 | Lair:6   | Killed a spark wasp
 23869 | Lair:6   | Reached XP level 12. HP: 53/59 MP: 14/20
 23981 | Lair:6   | XOM: polymorph crocodile -> sky beast
 23996 | Lair:6   | XOM: mild Conj miscast
 24000 | Lair:6   | XOM: polymorph yak -> hornet
 24023 | Lair:6   | XOM: medium Air miscast
 24152 | Lair:6   | XOM: chaos cloud
 24153 | Lair:6   | XOM: medium Summ miscast
 24205 | Lair:6   | XOM: god gift: scroll of teleportation
 24224 | Lair:5   | XOM: swap monsters
 24227 | Lair:5   | XOM: repel stairs
 24318 | Lair:6   | Learned a level 2 spell: Call Imp
 24589 | Lair:6   | XOM: summons 1 hostile shadow creature
 24622 | Lair:6   | XOM: summons 4 friendly demons
 24634 | Lair:6   | XOM: summons friendly crimson imp
 24653 | Lair:6   | XOM: destruction
 24665 | Lair:5   | XOM: enchant monster (good)
 24667 | Lair:5   | Killed a death yak
 24727 | Lair:6   | XOM: fake destruction
 24752 | Lair:6   | Found a runed translucent gate.
 24758 | Lair:6   | XOM: summons friendly quasit
 24793 | Lair:6   | Found a runed translucent gate.
 24793 | Lair:6   | Found a runed translucent gate.
 24798 | Lair:6   | Noticed Malificent's ghost (journeyman DsAr)
 25103 | Lair:5   | XOM: scenery: create altars
 25229 | Lair:6   | XOM: summons 11 friendly demons
 25238 | Lair:6   | Killed a death yak
 25240 | Lair:6   | Killed a death yak
 25360 | Lair:6   | XOM: scenery: create altars
 25440 | Lair:6   | XOM: cloud trail
 25626 | Lair:6   | XOM: mild Air miscast
 25852 | Lair:6   | XOM: god gift: twisted runed staff {god gift}
 26129 | D:11     | XOM: swap monsters
 26134 | D:11     | Reached skill level 19 in Stealth
 26245 | D:11     | XOM: confusion
 26385 | D:11     | Reached XP level 13. HP: 63/64 MP: 16/21
 26695 | D:11     | XOM: mild Conj miscast
 26756 | D:8      | Bought a book of Unlife for 715 gold pieces
 26762 | D:8      | Learned a level 5 spell: Borgnjor's Vile Clutch
 26948 | D:12     | XOM: enchant monster (bad)
 26954 | D:12     | XOM: fog
 26977 | D:12     | XOM: enchant monster (good)
 27090 | D:12     | Reached skill level 1 in Earth Magic
 27472 | D:12     | Found a staircase to the Orcish Mines.
 27477 | Orc:1    | Entered Level 1 of the Orcish Mines
 27564 | Orc:1    | XOM: 1-stop teleportation journey
 27609 | Orc:1    | XOM: butterfly on damage
 27652 | Orc:1    | Found a burning altar of Makhleb.
 27835 | Orc:1    | XOM: god gift: scroll of teleportation
 28294 | Orc:2    | Entered Level 2 of the Orcish Mines
 28311 | Orc:1    | XOM: enchant monster (good)
 28473 | Orc:1    | XOM: 3-stop teleportation journey
 28577 | Orc:2    | Noticed Azrael
 28581 | Orc:2    | XOM: divination: detect items
 28697 | Orc:1    | XOM: summons 7 friendly demons
 28843 | Orc:1    | XOM: fog
 28885 | Orc:1    | XOM: divine lightning
 28889 | Orc:1    | XOM: confuse monster(s)
 28894 | Orc:1    | Killed Azrael
 29120 | Orc:2    | Found a staircase to the Elven Halls.
 29287 | Orc:2    | XOM: polymorph orc wizard -> worker ant
 29293 | Orc:2    | XOM: enchant monster (bad)
 29358 | Orc:2    | XOM: mild Tloc miscast
 29370 | Orc:2    | Found an ancient bone altar of Kikubaaqudgha.
 29370 | Orc:2    | Noticed Nergalle
 29378 | Orc:2    | XOM: summons friendly quasit
 29381 | Orc:2    | Killed Nergalle
 29386 | Orc:2    | Found Adghausch's Magic Scroll Emporium.
 29404 | Orc:2    | XOM: summons friendly ufetubus
 29435 | Orc:2    | Found a radiant altar of Vehumet.
 29517 | Orc:2    | Found Jeiribak's Antique Weapon Shoppe.
 29517 | Orc:2    | Found a roughly hewn altar of Beogh.
 29597 | Orc:2    | XOM: butterfly on damage
 29856 | Orc:2    | XOM: harmless Tmut miscast
 29910 | Orc:2    | XOM: mild Ice miscast
 30254 | Orc:2    | Found Hicifuts's Gadget Shoppe.
 30342 | Orc:2    | Found Ysaxafuq's Antique Weapon Shoppe.
 30601 | Orc:1    | XOM: harmless Tloc miscast
 30940 | D:13     | XOM: cloud trail
 31012 | D:13     | Killed from afar by a meliai
 31013 | D:13     | Reached XP level 12. HP: -1/61 MP: 16/20
 31014 | D:13     | Reached skill level 20 in Stealth
 31066 | D:13     | XOM: summons 1 hostile demon
 31071 | D:13     | XOM: polymorph shadow imp -> iron imp
 31148 | D:13     | XOM: cast spell 'Summon Small Mammal'
 31164 | D:13     | XOM: noise
 31356 | D:13     | XOM: give mutations
 31356 | D:13     | Gained mutation: You possess an exceptional clarity of
                  | mind. [Xom's grace]
 31356 | D:13     | Gained mutation: Your mind is acute. (Int +2) [Xom's grace]
 31356 | D:13     | Gained mutation: Your mind is very acute. (Int +4) [Xom's
                  | grace]
 31356 | D:13     | Gained mutation: You are highly resistant to hostile
                  | enchantments. (MR++) [Xom's grace]
 31379 | D:13     | XOM: potion effect (curing)
 31381 | D:13     | XOM: confuse monster(s)
 31418 | D:13     | Noticed a two-headed ogre
 31423 | D:13     | Killed a two-headed ogre
 31423 | D:13     | Reached XP level 13. HP: 64/64 MP: 21/21
 31451 | D:13     | Reached skill level 5 in Earth Magic
 31564 | D:13     | XOM: give mutation
 31564 | D:13     | Gained mutation: You have a pair of horns on your head.
                  | [Xom's grace]
 31923 | D:14     | You fall through a shaft!
 31923 | D:15     | Entered Level 15 of the Dungeon
 32014 | D:14     | XOM: summons friendly crimson imp
 32164 | D:14     | XOM: enchant monster (good)
 32187 | D:14     | XOM: smoke on damage
 32223 | D:14     | XOM: divination: detect creatures
 32229 | D:14     | XOM: scenery: create altars
 32469 | D:14     | Found a shimmering altar of Xom.
 32476 | D:14     | XOM: cloud trail
 32549 | D:14     | XOM: polymorph crimson imp -> iron imp
 32619 | D:14     | Found a gate to the Vaults.
 32619 | D:14     | Noticed an ironheart preserver
 32620 | D:14     | Noticed Jorgrun
 32628 | D:14     | XOM: cast spell 'Cause Fear'
 32705 | D:14     | XOM: confuse monster(s)
 32713 | D:14     | Killed Jorgrun
 32773 | D:14     | XOM: god gift: trident {god gift}
 32793 | D:14     | XOM: divination: detect creatures
 32799 | D:14     | XOM: give mutation
 32799 | D:14     | Gained mutation: You have an increased reservoir of magic.
                  | (+10% MP) [Xom's grace]
 32816 | D:14     | XOM: summons 5 friendly demons
 32821 | D:14     | Killed an ironheart preserver
 33361 | D:14     | XOM: give mutations
 33361 | D:14     | Gained mutation: You are somewhat resistant to further
                  | mutation. [Xom's grace]
 33361 | D:14     | Gained mutation: You have a pair of large horns on your
                  | head. [Xom's grace]
 33361 | D:14     | Gained mutation: You are resistant to electric shocks.
                  | (rElec) [Xom's grace]
 33361 | D:14     | Gained mutation: You are somewhat resistant to both further
                  | mutation and mutation removal. [Xom's grace]
 33504 | D:14     | Identified 2 scrolls of acquirement
 33508 | D:14     | Identified the Catalogue of Cold and the Voyage (You
                  | acquired it on level 14 of the Dungeon)
 33512 | D:14     | Got a pitted bone ring
 33514 | D:14     | Identified the ring of Tempters {+Fly Str+2} (You acquired
                  | it on level 14 of the Dungeon)
 33737 | D:15     | Shot with an arrow by a centaur warrior

Skill      XL: |  1  2  3  4  5  6  7  8  9 10 11 12 13 |
---------------+----------------------------------------+-----
Stealth        | 1 2 3 5 8 12 13 18 20 | 20.0
Dodging        | 4 5 7 9 |  9.8
Fighting       | 4 5 6 7 8 10 11 12 | 12.1
Unarmed Combat | 4 5 6 7 8 10 11 | 11.3
Charms         | 2 4 |  4.3
Air Magic      | 2 |  2.0
Translocations | 4 |  4.1
Necromancy     | 2 3 5 8 |  8.0
Spellcasting   | 2 4 5 6 |  6.6
Conjurations   | 2 |  2.1
Poison Magic   | 2 |  2.1
Earth Magic    | 5 |  5.0

Action                   |  1- 3 |  4- 6 |  7- 9 | 10-12 | 13-15 || total
-------------------------+-------+-------+-------+-------+-------++-------
Melee: Unarmed           |   115 |   206 |   623 |   682 |   509 ||  2135
       Bite              |     9 |    24 |    70 |    92 |    58 ||   253
       Punch             |     2 |     5 |    21 |    34 |    29 ||    91
       Headbutt          |       |    20 |   100 |   130 |   102 ||   352
 Cast: Shock             |       |       |    19 |    57 |     3 ||    79
       Regeneration      |       |       |    14 |    56 |    45 ||   115
       Swiftness         |       |       |     2 |     3 |     1 ||     6
       Mephitic Cloud    |       |       |       |   113 |    66 ||   179
       Animate Dead      |       |       |       |    34 |    31 ||    65
       Blink             |       |       |       |     9 |     3 ||    12
       Call Imp          |       |       |       |     5 |    21 ||    26
       Borgnjor's Vile C |       |       |       |     1 |    24 ||    25
Evoke: Wand              |     5 |     9 |     5 |    14 |    11 ||    44
  Use: Scroll            |    10 |     4 |     4 |     5 |    16 ||    39
       Potion            |       |     3 |     1 |     2 |     1 ||     7
 Stab: Sleeping          |    10 |     3 |    16 |    31 |    23 ||    83
       Distracted        |     1 |     1 |     2 |     9 |     3 ||    16
       Invisible         |       |       |     2 |       |       ||     2
       Paralysed         |       |       |       |     3 |     2 ||     5
       Confused          |       |       |       |    67 |    46 ||   113
       Petrifying        |       |       |       |     1 |     1 ||     2
       Petrified         |       |       |       |     2 |       ||     2
  Eat: Chunk             |    13 |     4 |    28 |    53 |    29 ||   127
       Ration            |       |       |       |     1 |       ||     1
Armor: Skin              |    10 |    14 |    64 |    81 |    55 ||   224
Dodge: Dodged            |   123 |   141 |   506 |   715 |   512 ||  1997
